 Dungeon Crawl Stone Soup version 0.18-a0-846-g91b95b1 (webtiles) character file.

211 Raultor the Insei (level 5, 0/46 HPs)
             Began as a Draconian Monk on Dec 20, 2015.
             Slain by Purgy (3 damage)
             ... in a sewer.
             The game lasted 00:06:19 (2228 turns).

Raultor the Insei (Draconian Monk)                  Turns: 2228, Time: 00:06:19

Health: 0/46       AC:  5    Str: 13    XL:     5   Next: 57%
Magic:  5/5        EV: 14    Int: 10    God:
Gold:   170        SH:  0    Dex: 15    Spells: 0 memorised, 4 levels left

rFire  . . .     SeeInvis .       - Unarmed
rCold  . . .     Gourm    .     (armour unavailable)
rNeg   . . .     Faith    .     (no shield)
rPois  .         Spirit   .     (helmet restricted)
rElec  .         Dismiss  .     (no cloak)
rCorr  .         Reflect  .     (no gloves)
SustAt .         Harm     .     (no boots)
MR     .....                    (no amulet)
Stlth  ++........               (no ring)
                                (no ring)

@: not resistant to hostile enchantments, unstealthy
A: unfitting armour, cold-blooded, AC +5
a: no special abilities


You were in a sewer.
You were hungry.

You visited 1 branch of the dungeon, and saw 3 of its levels.
You also visited: Sewer.

You collected 170 gold pieces.

Inventory:

Scrolls
 g - 2 scrolls of teleportation {unknown}
 i - a scroll of recharging {unknown}
 j - 2 scrolls of identify {unknown}
Potions
 f - 2 potions of curing
Comestibles
 a - 3 bread rations {@e1}
 d - a meat ration {@e2}
 h - a chunk of flesh {@w0}


   Skills:
 + Level 4.1 Fighting
 + Level 3.7 Dodging
 - Level 1.7 Stealth
 * Level 5.8 Unarmed Combat


You had 4 spell levels left.
You didn't know any spells.

Dungeon Overview and Level Annotations

Branches:
Dungeon (3/15)

Altars:
Kikubaaqudgha
Zin

Annotations:
Sewer Purgy


Innate Abilities, Weirdness & Mutations

Your plain brown scales are hard (AC +5).
Your body does not fit into most forms of armour.
You are cold-blooded and may be slowed by cold attacks.


Message History

There is an open door here.
You hit the kobold but do no damage.
Your tail-slap misses the kobold.
You closely miss the kobold. The kobold barely misses you.
You barely miss the kobold. The kobold barely misses you.
You barely miss the kobold. The kobold closely misses you.
You hit the kobold.
You kill the kobold!
No target in view!
You open the door.
Purgy the Meek comes into view.
Purgy shouts!
Drink which item? (? for menu, Esc to quit)
It was a potion of mutation.
You feel extremely strange.
You feel jittery.
You feel frail.
You feel clever. Purgy barely misses you. x2
Purgy claws you but does no damage.
You take 5 damage, and have 41/41 hp.
Drink which item? (? for menu, Esc to quit)
It was a potion of magic.
Magic courses through your body. Purgy misses you. Purgy claws you.
Purgy claws you but does no damage.
You take 3 damage, and have 38/41 hp.
Drink which item? (? for menu, Esc to quit)
It was a potion of cure mutation.
It has a very clean taste.
You feel robust.
You no longer feel jittery.
You feel stupid. Purgy misses you. Purgy claws you. Purgy misses you.
You take 1 damage, and have 37/46 hp.
You miss Purgy. You tail-slap Purgy. Purgy barely misses you.
Purgy completely misses you. Purgy barely misses you.
You barely miss Purgy. Purgy bites you. Purgy closely misses you.
Purgy misses you.
You take 5 damage, and have 32/46 hp.
You closely miss Purgy.
Purgy hisses menacingly.
Purgy bites you. Purgy barely misses you. Purgy barely misses you.
You take 5 damage, and have 27/46 hp.
You closely miss Purgy. Purgy barely misses you. Purgy misses you.
Purgy misses you.
You hit Purgy. You hit Purgy but do no damage.
Your tail-slap misses Purgy.
Purgy closely misses you. Purgy completely misses you.
Purgy claws you but does no damage.
You closely miss Purgy. Purgy barely misses you. Purgy closely misses you.
Purgy claws you but does no damage.
You barely miss Purgy. Purgy bites you but does no damage.
Purgy closely misses you. x2
You miss Purgy.
Your tail-slap misses Purgy.
Purgy barely misses you. Purgy barely misses you.
Purgy claws you but does no damage.
You hit Purgy. Purgy bites you but does no damage.
Purgy claws you but does no damage. Purgy closely misses you.
You barely miss Purgy. Purgy barely misses you.
Purgy claws you but does no damage. x2
You hit Purgy. Purgy bites you. Purgy claws you but does no damage.
Purgy claws you.
You take 4 damage, and have 24/46 hp.
Drink which item? (? for menu, Esc to quit)
Okay, then.
You aren't carrying any items that can be evoked.
Read which item? (? for menu, Esc to quit)
Okay, then.
You barely miss Purgy. Purgy bites you but does no damage.
Purgy barely misses you. Purgy claws you.
You take 1 damage, and have 23/46 hp.
You closely miss Purgy.
You are feeling hungry.
You punch Purgy! Purgy barely misses you. Purgy claws you.
Purgy claws you but does no damage.
You take 2 damage, and have 22/46 hp.
You hit Purgy. You tail-slap Purgy. Purgy misses you.
Purgy claws you but does no damage. Purgy misses you.
You barely miss Purgy. Purgy misses you. Purgy barely misses you.
Purgy claws you but does no damage.
You miss Purgy. Purgy bites you. Purgy closely misses you. Purgy claws you.
You take 2 damage, and have 20/46 hp.
You barely miss Purgy. You tail-slap Purgy, but do no damage. Purgy misses you.
Purgy barely misses you. Purgy claws you but does no damage.
You barely miss Purgy. Purgy bites you. Purgy claws you but does no damage.
Purgy misses you.
You take 1 damage, and have 19/46 hp.
You closely miss Purgy. You hit Purgy. Purgy bites you. Purgy misses you.
Purgy closely misses you.
You take 3 damage, and have 16/46 hp.
You miss Purgy. You tail-slap Purgy, but do no damage.
Purgy bites you but does no damage. Purgy barely misses you. Purgy claws you.
* * * LOW HITPOINT WARNING * * *
You take 3 damage, and have 13/46 hp.
You hit Purgy. Purgy bites you but does no damage. Purgy claws you.
* * * LOW HITPOINT WARNING * * *
Purgy barely misses you.
You take 3 damage, and have 10/46 hp.
You punch Purgy! Purgy misses you. Purgy claws you.
* * * LOW HITPOINT WARNING * * *
Purgy claws you.
* * * LOW HITPOINT WARNING * * *
You take 2 damage, and have 8/46 hp.
You miss Purgy. Purgy bites you.
* * * LOW HITPOINT WARNING * * *
Purgy claws you but does no damage. Purgy completely misses you.
You take 5 damage, and have 3/46 hp.
You hit Purgy. Purgy bites you.
You die...

######### ## #∩##.##.#
.# #.##.##(# .#
#+##+##.##'##'##'#
..............@T.#
≈≈≈≈≈≈≈.≈≈≈≈≈≈≈≈≈#≈≈≈≈≈
≈≈≈≈≈≈≈∩≈≈≈≈≈≈≈≈≈#≈≈≈≈≈
≈≈≈≈≈≈≈.≈≈≈≈≈≈≈≈≈#≈≈≈≈≈
.................######
#+##+##+##+##+##+#


You could see Purgy.

Vanquished Creatures
  2 jellies (D:1)
  A worker ant (D:3)
  2 adders
  6 oozes
  A worm (D:2)
  A giant gecko (D:3)
  An orc (D:3)
  10 bats
  9 giant cockroaches
  5 goblins
  6 hobgoblins
  11 jackals
  3 giant newts
  8 kobolds
  7 rats
73 creatures vanquished.

Notes
Turn   | Place    | Note
--------------------------------------------------------------
     0 | D:1      | Raultor the Draconian Monk began the quest for the Orb.
     0 | D:1      | Reached XP level 1. HP: 19/19 MP: 1/1
     0 | D:1      | Noticed a jelly
     1 | D:1      | Found a runed door.
     1 | D:1      | Noticed a jelly
   216 | D:1      | Reached skill level 3 in Dodging
   220 | D:1      | Reached XP level 2. HP: 20/26 MP: 2/2
   669 | D:1      | Reached XP level 3. HP: 31/31 MP: 3/3
   694 | D:1      | Reached skill level 5 in Unarmed Combat
   694 | D:1      | Reached XP level 4. HP: 26/39 MP: 4/4
  1169 | D:2      | Reached XP level 5. HP: 46/46 MP: 5/5
  1278 | D:2      | Reached skill level 4 in Fighting
  1747 | D:3      | HP: 11/46 [worker ant (2)]
  1947 | D:3      | Found an ancient bone altar of Kikubaaqudgha.
  2014 | D:3      | Found a glowing silver altar of Zin.
  2059 | D:3      | Found a glowing drain.
  2112 | Sewer    | Entered a sewer
  2197 | Sewer    | Noticed Purgy
  2199 | Sewer    | Gained mutation: You can translocate small distances at will. [potion of mutation]
  2199 | Sewer    | Gained mutation: You are frail (-10% HP). [potion of mutation]
  2199 | Sewer    | Gained mutation: Your mind is acute. (Int +2) [potion of mutation]
  2201 | Sewer    | Lost mutation: You are frail (-10% HP). [potion of cure mutation]
  2201 | Sewer    | Lost mutation: You can translocate small distances at will. [potion of cure mutation]
  2201 | Sewer    | Lost mutation: Your mind is acute. (Int +2) [potion of cure mutation]
  2225 | Sewer    | HP: 10/46 [Purgy (3)]
  2227 | Sewer    | HP: 3/46 [Purgy (5)]
  2228 | Sewer    | Slain by Purgy

Vault maps used:
D:1:      dpeg_arrival_caged_fury
D:2:      serial_curves, eino_curves_01, eino_curves_02, eino_curves_03,
          eino_curves_04
D:3:      lemuel_round_altar, marbit_many_paths, gup_sewer_entry_glass
Sewer:    kennysheep_door_sewer

Action                   |  1- 3 |  4- 6 || total
-------------------------+-------+-------++-------
Melee: Unarmed           |    96 |   195 ||   291
  Use: Potion            |       |     4 ||     4
 Stab: Sleeping          |       |     1 ||     1
  Eat: Chunk             |       |     4 ||     4

Vault maps used:
D:1:      dpeg_arrival_caged_fury
D:2:      serial_curves, eino_curves_01, eino_curves_02, eino_curves_03,
          eino_curves_04
D:3:      lemuel_round_altar, marbit_many_paths, gup_sewer_entry_glass
Sewer:    kennysheep_door_sewer

Table legend:
 A = Turns spent in this place as a percentage of turns spent in the entire game.
 B = Non-inter-level travel turns spent in this place as a percentage of non-inter-level travel turns spent in the entire game.
 C = Inter-level travel turns spent in this place as a percentage of turns spent in this place.
 D = Turns resting spent in this place as a percentage of non-inter-level travel turns spent in this place.
 E = Turns spent auto-exploring this place as a percentage of non-inter-level travel turns spent in this place.
 F = Non-inter-level travel turns spent in this place divided by the number of levels of this place that you've seen.
                   A       B       C       D       E      F
               +-------+-------+-------+-------+-------+----------------------
         Total | 100.0 | 100.0 |   0.5 |   2.8 |  10.2 | 159.5
       Dungeon |  93.1 |  93.1 |   0.5 |   2.7 |  10.6 | 198.0
         Sewer |   6.9 |   6.9 |   0.0 |   4.5 |   4.5 |  44.0
               +-------+-------+-------+-------+-------+----------------------

Table legend:
 A = Kills in this place as a percentage of kills in entire the game.
 B = Kills by you in this place as a percentage of kills by you in the entire game.
 C = Kills by friends in this place as a percentage of kills by friends in the entire game.
 D = Other kills in this place as a percentage of other kills in the entire game.
 E = Experience gained in this place as a percentage of experience gained in the entire game.
 F = Experience gained in this place divided by the number of levels of this place that you have seen.
                   A       B       C       D       E      F
               +-------+-------+-------+-------+-------+----------------------
         Total | 100.0 | 100.0 |  -nan |  -nan | 100.0 |  75.5
       Dungeon |  98.6 |  98.6 |  -nan |  -nan |  99.3 | 100.0
         Sewer |   1.4 |   1.4 |  -nan |  -nan |   0.7 |   2.0
               +-------+-------+-------+-------+-------+----------------------
